 Dungeon Crawl Stone Soup version 0.23.2-40-g277498a001 (webtiles) character file.

Game seed: 16470604351464949485

28551 DildoBatman the Thaumaturge (level 13, -2/94 HPs)
             Began as a Formicid Wizard on Sept 26, 2019.
             Was an Initiate of Gozag.
             Killed from afar by a rime drake (18 damage)
             ... with a flash freeze
             ... on level 11 of the Dungeon on Sept 27, 2019.
             The game lasted 01:27:27 (14774 turns).

DildoBatman the Thaumaturge (Formicid Wizard)      Turns: 14774, Time: 01:27:28

Health: -2/94      AC: 11    Str: 12    XL:     13   Next: 74%
Magic:  35/35      EV: 14    Int: 28    God:    Gozag
Gold:   1445       SH:  0    Dex:  9    Spells: 4/31 levels left

rFire    . . .     SeeInvis +   a - +10 rapier "Corug" {elec, rN+ MP+9}
rCold    . . .     Gourm    .   (no shield)
rNeg     + . .     Faith    .   e - +2 robe of the Princess {-Tele Int+5}
rPois    .         Spirit   .   (helmet unavailable)
rElec    .         Reflect  .   n - scarf {cloud immunity}
rCorr    .         Harm     .   y - +0 pair of gloves
MR       +....                  F - +1 pair of boots
Stlth    ++........             m - amulet of magic regeneration
HPRegen  0.25/turn              u - ring of wizardry
MPRegen  0.49/turn              B - +3 ring of protection

@: gold aura
A: permanent stasis, dig shafts and tunnels, four strong arms, antennae 3
a: Dig, Shaft Self, Potion Petition, Call Merchant, Bribe Branch, Renounce
Religion


You were on level 11 of the Dungeon.
You worshipped Gozag.
Gozag was most pleased with you.
You were not hungry.

You visited 3 branches of the dungeon, and saw 16 of its levels.
You also visited: Sewer and Bailey.

You collected 2808 gold pieces.
You spent 420 gold pieces at shops.
You paid 943 gold pieces to Gozag.

Inventory:

Hand Weapons
 a - the +10 rapier "Corug" (weapon) {elec, rN+ MP+9}
   (You found it on level 10 of the Dungeon)

   Occasionally, upon striking a foe, it will discharge some electrical energy
   and cause terrible harm.
   It protects you from negative energy.
   It affects your magic capacity (+9).
 b - the +6 trident "Naepned" {speed, +Fly Str+7 Int-5 Stlth+}
   (You found it in a bailey)

   Attacks with this weapon are significantly faster.
   It affects your strength (+7).
   It affects your intelligence (-5).
   It lets you fly.
   It makes you more stealthy.
 c - a +4 shortbow of freezing
 d - a +2 war axe of flaming
Missiles
 h - 4 tomahawks (quivered)
 l - 154 bolts
 r - 82 arrows
Armour
 e - the +2 robe of the Princess (worn) {-Tele Int+5}
   (You took it off an orc on level 5 of the Dungeon)

   It affects your intelligence (+5).
   It prevents most forms of teleportation.
 i - a +0 shield
 n - a scarf of cloud immunity (worn)
 y - a +0 pair of gloves (worn)
 F - a +1 pair of boots (worn)
 S - a +0 leather armour of cold resistance
 W - a +2 leather armour of fire resistance
Jewellery
 j - an uncursed ring of protection from magic {unknown}
 m - an amulet of magic regeneration (around neck)
 q - an uncursed ring of positive energy
 u - a ring of wizardry (left hand)
 B - a +3 ring of protection (right hand)
 K - an uncursed ring of fire
Wands
 t - a wand of iceblast (9)
Scrolls
 g - a scroll of blinking {unknown}
 k - a scroll of fog
 o - 2 scrolls of fear {unknown}
 s - 2 scrolls of immolation
 x - 5 scrolls of remove curse
 z - 5 scrolls of identify
 E - a scroll of magic mapping {unknown}
 Q - 2 scrolls of summoning {unknown}
 Z - 5 scrolls of enchant weapon
Potions
 f - 2 potions of flight {unknown}
 p - 3 potions of brilliance
 A - 6 potions of curing
 C - 2 potions of invisibility {unknown}
 D - a potion of heal wounds {unknown}
 G - 2 potions of lignification {unknown}
 H - a potion of ambrosia {unknown}
 N - a potion of agility {unknown}
 Y - 2 potions of degeneration {unknown}
Miscellaneous
 P - a box of beasts
Comestibles
 v - 25 rations


   Skills:
 - Level 6.4 Fighting
 - Level 5.0 Polearms
 - Level 6.4 Armour
 - Level 5.7 Dodging
 - Level 2.4 Stealth
 * Level 9.6 Spellcasting
 - Level 9.0 Conjurations
   Level 1.0 Summonings
 - Level 9.0 Necromancy
   Level 0.8 Translocations
 - Level 5.0 Fire Magic
 - Level 5.0 Air Magic
 - Level 6.1 Poison Magic
 - Level 6.2 Evocations


You had 4 spell levels left.
You knew the following spells:

 Your Spells              Type           Power        Failure   Level  Hunger
a - Conjure Flame         Conj/Fire      ######..     1%          3    None
b - Bolt of Draining      Conj/Necr      ######....   1%          5    ####...
c - Fireball              Conj/Fire      ######....   2%          5    ####...
d - Vampiric Draining     Necr           ######....   1%          3    None
e - Mephitic Cloud        Conj/Pois/Air  ######..     1%          3    None
f - Magic Dart            Conj           ####         1%          1    None
h - Dispel Undead         Necr           ######..     1%          5    ####...
z - Sublimation of Blood  Necr           ######....   1%          2    None

Your spell library contained the following spells:

 Spells                   Type           Power        Failure   Level  Hunger
 Animate Skeleton         Necr           N/A          1%          1    None
 Flame Tongue             Conj/Fire      #####        1%          1    None
 Pain                     Necr           ####         1%          1    None
 Call Imp                 Summ           ###.....     1%          2    None
 Throw Flame              Conj/Fire      ######       1%          2    None
 Inner Flame              Hex/Fire       ####....     1%          3    None
 Animate Dead             Necr           N/A          1%          4    None
 Sticky Flame             Conj/Fire      ######..     1%          4    None
 Slow                     Hex            ##......     2%          2    None
 Excruciating Wounds      Chrm/Necr      #####.....   8%          5    ####...
 Simulacrum               Ice/Necr       #####.....   38%         6    #####..
 Haunt                    Necr/Summ      #####.....   86%         7    #######
 Borgnjor's Revivificati  Necr           ######....   92%         8    #######
 Infestation              Necr           ######....   92%         8    #######
 Death's Door             Chrm/Necr      #####.....   100%        8    #######
 Necromutation            Tmut/Necr      #####.....   100%        8    #######
 Blink                    Tloc           Unusable     N/A         2    N/A

Dungeon Overview and Level Annotations

Branches:
Dungeon (13/15)            Temple (1/1) D:4            Lair (0/6) D:8
    Orc (2/2) D:10            Elf (0/3) Orc:2
 Vaults: D:13-14

Altars:
Ashenzari
Cheibriados
Dithmenos
Elyvilon
Fedhas
Gozag
Hepliaklqana
Kikubaaqudgha
Makhleb
Nemelex Xobeh
Okawaru
Qazlal
Ru
Sif Muna
Trog
Uskayaw
Vehumet
Wu Jian
Xom
Yredelemnul
Zin
The Shining One
Beogh

Shops:
D:2 *   D:8 =   Orc:1 :   Orc:2 **

Annotations:
D:11 exclusion: 2 ice statues
Orc:2 1 exclusion


Innate Abilities, Weirdness & Mutations

You cannot be hasted, slowed, berserked, paralysed or teleported.
You can dig through walls and to a lower floor.
Your four strong arms can wield two-handed weapons with a shield.
You have a pair of large antennae on your head. (SInv)


Message History

The wyvern is almost dead.
You feel life coursing into your body.
The wyvern is engulfed in blazing flames.
You kill the wyvern!
The skeletal warrior is engulfed in blazing flames.
You dig through the rock wall.
The skeletal warrior is engulfed in blazing flames. x2
You retract your mandibles.
The rime drake seems less confused.
The skeletal warrior is engulfed in blazing flames.
The skeletal warrior hits you with a cursed +0 long sword.
The rime drake breathes ice at you. The flash freeze hits you!
You are encased in ice.
You see here a club.
The ice encasing you melts away. The rime drake breathes ice at you.
The flash freeze hits you!!
You die...
Your body crumbles into a pile of gold.

#..).##z###.........####
###..###$##...........k.
#..# ##.#.......≈.....
######..#
##....####.#≈...
#.......# ##...#{ .≈#≈ .
#.......# #...# .≈#
#.....k.# #...# .≈ $
##......)######...# ..
#..........zz.@...# .
#.........k.......##+#
####..................
#.................. {
#..................
#..................
#............######
#........###.#
#...####'# .#


You could see 2 skeletal warriors and a rime drake.

Vanquished Creatures
  An orc warlord (Orc:2)
  Nessos (D:12)
  An ettin (Orc:2)
  An ogre mage (Orc:1)
  Erica (Orc:1)
  8 two-headed ogres
  Urug (Orc:1)
  Sonja (Orc:1)
  2 skeletal warriors (D:11)
  2 unseen horrors
  3 orc knights (Orc:2)
  2 orc sorcerers
  A cyclops (Orc:2)
  An ugly thing (D:13)
  A manticore (D:11)
  A centaur skeleton (D:11)
  A gargoyle (D:9)
  A komodo dragon (shapeshifter) (D:13)
  The ghost of shyneko the Slinger, a novice HaHu of Elyvilon (D:5)
  A troll (Orc:1)
  2 hornets (D:10)
  A hippogriff (D:9)
  9 slime creatures (D:13)
  2 wyverns
  4 yaks (D:9)
  2 wargs (Orc:2)
  A two-headed ogre zombie (Orc:1)
  A soldier ant (D:10)
  31 orc warriors
  A phantom (D:3)
  An ice beast (D:7)
  Purgy (Sewer)
  22 ogres
  3 centaurs
  A crocodile (D:8)
  2 big kobolds
  8 bullfrogs
  A gnoll sergeant (D:12)
  4 killer bees (D:7)
  A scorpion (D:4)
  4 wights (D:10)
  3 howler monkeys
  A bullfrog zombie (D:7)
  A centaur zombie (D:8)
  2 crimson imps
  A gnoll shaman (D:5)
  6 hounds
  4 bullfrog skeletons
  2 quasits
  24 orc priests
  19 orc wizards
  An iguana (D:11)
  5 worker ants
  3 hound zombies
  A hound skeleton (D:6)
  11 gnolls
  11 adders
  An orc skeleton (Orc:2)
  4 shadow imps
  3 oozes
  2 adder zombies
  An adder skeleton (D:5)
  3 worms
  A dart slug (D:2)
  11 leopard geckos
  69 orcs
  4 ball pythons
  12 bats
  8 giant cockroaches
  8 goblins
  8 hobgoblins
  4 jackals
  29 kobolds
  3 quokkas
  4 frilled lizards
  2 leopard gecko skeletons (D:4)
  A quokka skeleton (D:4)
  3 rats
410 creatures vanquished.

Vanquished Creatures (collateral kills)
  A killer bee (D:7)
1 creature vanquished.

Grand Total: 411 creatures vanquished

Notes
Turn   | Place    | Note
-------+----------+-------------------------------------------
     0 | D:1      | DildoBatman the Formicid Wizard began the quest for the
                  | Orb.
     0 | D:1      | Reached XP level 1. HP: 13/13 MP: 4/4
    25 | D:1      | Reached skill level 1 in Conjurations
   222 | D:1      | Reached XP level 2. HP: 15/19 MP: 0/6
   945 | D:1      | Reached XP level 3. HP: 24/24 MP: 4/7
   950 | D:1      | Learned a level 3 spell: Conjure Flame
   954 | D:1      | Learned a level 3 spell: Mephitic Cloud
  1943 | D:2      | Found Zin's Purification Station.
  1943 | D:2      | Found a glowing silver altar of Zin.
  1969 | D:2      | Found a blossoming altar of Fedhas.
  1974 | D:2      | Found a faded altar of an unknown god.
  1983 | D:2      | Reached XP level 4. HP: 30/30 MP: 1/8
  2105 | D:2      | Found an ornate altar of the Wu Jian Council.
  2360 | D:2      | Found a snail-covered altar of Cheibriados.
  2630 | D:3      | Found an ancient bone altar of Kikubaaqudgha.
  2636 | D:3      | Became a worshipper of Kikubaaqudgha
  2983 | D:3      | Found a white marble altar of Elyvilon.
  2992 | D:3      | Reached XP level 5. HP: 35/35 MP: 6/9
  3201 | D:3      | Found a hide-covered altar of Uskayaw.
  3279 | D:3      | Noticed a phantom
  3290 | D:3      | Killed a phantom
  3290 | D:3      | Reached skill level 5 in Conjurations
  3290 | D:3      | Reached XP level 6. HP: 30/41 MP: 5/10
  3481 | D:3      | Found a stormy altar of Qazlal.
  3787 | D:3      | Reached XP level 7. HP: 36/46 MP: 2/11
  3796 | D:4      | Reached * piety under Kikubaaqudgha
  3796 | D:4      | Identified Kikubaaqudgha's Almanac of Sinister Rites
                  | (Kikubaaqudgha gifted it to you on level 4 of the Dungeon)
  3796 | D:4      | Received a gift from Kikubaaqudgha
  3802 | D:4      | Learned a level 3 spell: Vampiric Draining
  3805 | D:4      | Learned a level 2 spell: Sublimation of Blood
  4048 | D:4      | Found an opulent altar of Gozag.
  4170 | D:4      | Found a staircase to the Ecumenical Temple.
  4195 | Temple   | Entered the Ecumenical Temple
  4199 | Temple   | Reached skill level 1 in Poison Magic
  4479 | D:4      | Reached skill level 1 in Fire Magic
  4493 | D:4      | Reached skill level 1 in Air Magic
  4553 | D:4      | Found a deep blue altar of Sif Muna.
  4903 | D:5      | Entered Level 5 of the Dungeon
  5004 | D:5      | Reached ** piety under Kikubaaqudgha
  5004 | D:5      | Reached XP level 8. HP: 25/52 MP: 8/12
  5350 | D:5      | Identified the +2 robe of the Princess {-Tele Int+5}
  5399 | D:5      | Found a sparkling altar of Nemelex Xobeh.
  5502 | D:5      | Found a transporter.
  5524 | D:5      | Found a transporter.
  5527 | D:5      | Noticed shyneko's ghost (novice HaHu)
  6043 | D:6      | Reached skill level 5 in Poison Magic
  6171 | D:6      | Found a glowing drain.
  6300 | Sewer    | Entered a sewer
  6343 | Sewer    | Noticed Purgy
  6380 | Sewer    | Killed Purgy
  6543 | D:6      | Reached *** piety under Kikubaaqudgha
  6543 | D:6      | Identified Kikubaaqudgha's Catalogue of Necromancy
                  | (Kikubaaqudgha gifted it to you on level 6 of the Dungeon)
  6543 | D:6      | Received a gift from Kikubaaqudgha
  6767 | D:7      | Reached XP level 9. HP: 57/57 MP: 4/13
  7090 | D:7      | Reached skill level 5 in Fire Magic
  7330 | D:7      | Reached skill level 5 in Air Magic
  7684 | D:8      | Reached skill level 5 in Spellcasting
  7777 | D:8      | Noticed a two-headed ogre
  7824 | D:8      | Killed a two-headed ogre
  7824 | D:8      | Reached **** piety under Kikubaaqudgha
  7824 | D:8      | Reached XP level 10. HP: 63/63 MP: 2/21
  7881 | D:8      | Learned a level 5 spell: Bolt of Draining
  7910 | D:8      | Found Cupt's Jewellery Emporium.
  7942 | D:8      | Reached skill level 1 in Necromancy
  7976 | D:8      | Found a staircase to the Lair.
  8025 | D:8      | Found a flagged portal.
  8036 | Bailey   | Entered a bailey
  8348 | Bailey   | Found a burning altar of Makhleb.
  8427 | Bailey   | Got an ancient trident
  8442 | D:8      | Identified the +6 trident "Naepned" {speed, +Fly Str+7
                  | Int-5 Stlth+} (You found it in a bailey)
  8614 | D:8      | Reached skill level 1 in Polearms
  8783 | D:8      | Bought an uncursed amulet of magic regeneration for 420
                  | gold pieces
  8909 | D:9      | Noticed a gargoyle
  8921 | D:9      | Killed a gargoyle
  8934 | D:9      | Noticed a two-headed ogre
  8965 | D:9      | Killed a two-headed ogre
  8965 | D:9      | Reached skill level 5 in Necromancy
  9230 | D:9      | Found a sacrificial altar of Ru.
  9273 | D:9      | Reached XP level 11. HP: 63/68 MP: 17/22
  9670 | D:10     | Entered Level 10 of the Dungeon
  9672 | D:10     | Noticed an unseen horror
  9680 | D:10     | Killed an unseen horror
  9696 | D:10     | Found a staircase to the Orcish Mines.
  9774 | Orc:1    | Entered Level 1 of the Orcish Mines
  9846 | Orc:1    | Reached skill level 5 in Polearms
 10074 | Orc:1    | Reached skill level 5 in Evocations
 10109 | Orc:1    | Noticed Urug
 10136 | Orc:1    | Killed Urug
 10233 | Orc:1    | Noticed Sonja
 10253 | Orc:1    | Killed Sonja
 10281 | Orc:1    | Found Jenam's Book Emporium.
 10284 | Orc:1    | Noticed Erica
 10310 | Orc:1    | Killed Erica
 10337 | Orc:1    | You fall through a shaft!
 10337 | Orc:2    | Entered Level 2 of the Orcish Mines
 10339 | Orc:2    | Noticed a cyclops
 10392 | Orc:2    | Reached ***** piety under Kikubaaqudgha
 10734 | Orc:1    | Noticed a two-headed ogre
 10735 | Orc:1    | Noticed a two-headed ogre
 10742 | Orc:1    | Noticed a two-headed ogre
 10749 | Orc:1    | Killed a two-headed ogre
 10769 | Orc:1    | Killed a two-headed ogre
 10777 | Orc:1    | Killed a two-headed ogre
 10777 | Orc:1    | Reached XP level 12. HP: 74/74 MP: 7/24
 10803 | Orc:1    | Noticed a two-headed ogre
 10803 | Orc:1    | Noticed a two-headed ogre
 10803 | Orc:1    | Noticed a two-headed ogre
 10821 | Orc:1    | Killed a two-headed ogre
 10834 | Orc:1    | Killed a two-headed ogre
 10854 | Orc:1    | Killed a two-headed ogre
 10887 | Orc:1    | Noticed an ogre mage
 10903 | Orc:1    | Killed an ogre mage
 10990 | Orc:2    | Noticed an ettin
 11031 | Orc:2    | Killed an ettin
 11031 | Orc:2    | Reached skill level 1 in Fighting
 11031 | Orc:2    | Reached skill level 1 in Armour
 11315 | Orc:2    | Found a staircase to the Elven Halls.
 11706 | Orc:2    | Found a roughly hewn altar of Beogh.
 11776 | Orc:2    | Noticed an orc warlord
 11815 | Orc:2    | Killed an orc warlord
 11834 | Orc:2    | Reached XP level 13. HP: 72/88 MP: 6/25
 12169 | Orc:2    | Found a bloodstained altar of Trog.
 12336 | D:10     | Reached skill level 5 in Fighting
 12536 | D:10     | Got a crude rapier
 12610 | D:10     | Identified the +10 rapier "Corug" {elec, rN+ MP+9} (You
                  | found it on level 10 of the Dungeon)
 12651 | D:10     | Reached skill level 5 in Armour
 12659 | D:10     | Learned a level 5 spell: Dispel Undead
 12990 | D:11     | Reached ****** piety under Kikubaaqudgha
 13002 | D:11     | Reached skill level 5 in Dodging
 13003 | D:11     | Received a gift from Kikubaaqudgha
 13008 | D:11     | Fell from the grace of Kikubaaqudgha
 13127 | D:4      | Became a worshipper of Gozag Ym Sagoz the Greedy
 13192 | D:5      | Killed shyneko's ghost
 13787 | Orc:2    | Found Qiatiynn's General Store.
 13792 | Orc:2    | Found Fokk's General Store.
 14116 | D:11     | Learned a level 5 spell: Fireball
 14117 | D:11     | You fall through a shaft for 2 floors!
 14629 | D:12     | Noticed Nessos
 14645 | D:12     | Killed Nessos
 14645 | D:12     | Noticed a reaper
 14774 | D:11     | Killed from afar by a rime drake

Skill      XL: |  1  2  3  4  5  6  7  8  9 10 11 12 13 |
---------------+----------------------------------------+-----
Conjurations   | 1 2 3 4 5 6 9 |  9.0
Poison Magic   | 3 5 6 |  6.1
Fire Magic     | 2 4 5 |  5.0
Air Magic      | 1 3 5 |  5.0
Spellcasting   | 7 8 9 |  9.6
Necromancy     | 5 9 |  9.0
Polearms       | 4 5 |  5.0
Evocations     | 3 6 |  6.2
Fighting       | 4 6 |  6.4
Armour         | 4 6 |  6.4
Dodging        | 4 5 |  5.7
Stealth        | |  2.4
Summonings     | |  1.0
Translocations | |  0.8

Action                   |  1- 3 |  4- 6 |  7- 9 | 10-12 | 13-15 || total
-------------------------+-------+-------+-------+-------+-------++-------
Melee: Dagger            |     2 |       |       |       |       ||     2
       Short sword       |    10 |    12 |       |       |       ||    22
       Trident           |       |       |    50 |   248 |    70 ||   368
       Glaive            |       |       |    20 |       |       ||    20
       Quarterstaff      |       |       |    18 |       |       ||    18
       War axe           |       |       |     5 |       |       ||     5
       Whip              |       |       |     2 |    14 |       ||    16
       Rapier            |       |       |       |       |    84 ||    84
 Fire: Hunting sling     |       |    54 |   276 |    18 |       ||   348
       Shortbow          |       |       |       |    30 |     7 ||    37
Throw: Stone             |       |     1 |       |       |       ||     1
       Javelin           |       |       |     5 |       |       ||     5
       Tomahawk          |       |       |     3 |       |     1 ||     4
 Cast: Magic Dart        |    68 |    48 |   112 |    34 |     1 ||   263
       Mephitic Cloud    |       |     6 |    36 |    74 |    43 ||   159
       Conjure Flame     |       |     2 |    27 |    41 |    39 ||   109
       Bolt of Draining  |       |       |       |    28 |    24 ||    52
       Vampiric Draining |       |       |       |     9 |    14 ||    23
       Dispel Undead     |       |       |       |       |    12 ||    12
       Fireball          |       |       |       |       |     2 ||     2
Invok: Receive Necronomi |       |       |       |       |     1 ||     1
       Renounce Religion |       |       |       |       |     1 ||     1
 Abil: Dig               |     8 |     1 |     9 |    13 |     9 ||    40
       Evoke Flight      |       |       |       |       |     1 ||     1
Evoke: Wand              |       |     1 |     3 |     4 |     2 ||    10
  Use: Scroll            |       |       |    10 |       |     2 ||    12
       Potion            |       |       |       |       |     1 ||     1
 Stab: Confused          |       |       |     3 |    17 |     7 ||    27
       Paralysed         |       |       |       |     1 |       ||     1
  Eat: Chunk             |     3 |     7 |    17 |    21 |     8 ||    56
       Ration            |       |       |       |       |     4 ||     4
Armor: Robe              |     5 |     7 |    50 |    21 |    17 ||   100
Dodge: Dodged            |    23 |    19 |   152 |    73 |    78 ||   345
